[Event "Early-Titled-Tuesday-Blitz-September-12-2023"]
[Site "Chess.com"]
[Date "2023.09.12"]
[Round "8"]
[White "OchsenfroschGambit"]
[Black "HajiyevKanan"]
[Result "0-1"]
[WhiteElo "2347"]
[BlackElo "2524"]
[TimeControl "180+1"]
[EndTime "9:30:00 PDT"]
[Termination "HajiyevKanan won by resignation"]

1. d4 Nf6 2. c4 e6 3. Nc3 Bb4 4. f3 d5 5. a3 Be7 6. e4 c5 7. e5 cxd4 8. exf6 Bxf6 9. Nce2 dxc4 10. Ng3 Qd5 11. N1e2 Nc6 12. Nf4 Qe5+ 13. Kf2 Bg5 14. Qd2 d3 15. Ne4 Qd4+ 16. Ke1 Bh6 17. Qc3 Qxc3+ 18. bxc3 Ke7 19. Be3 f5 20. Nd2 Na5 21. Rb1 Bd7 22. h4 b5 23. Kf2 Kd6 24. Rg1 e5 25.
Nh3 f4 26. Bxa7 Rxa7 27. Ng5 Bxg5 28. hxg5 Bf5 29. Ne4+ Bxe4 30. fxe4 Nb3 31. g3 fxg3+ 32.
Kxg3 Rxa3 33. Bh3 Rf8 34. Bg4 Ra2 35. Rh1 Nd2 36. Bf5 g6 37. Rxh7 gxf5 38. Rh6+ Kc5 39.
exf5 Ne4+ 40. Kg4 Rg2+ 41. Kf3 Rg3+ 42. Kxe4 d2 43. g6 Rd8 44. Rd1 Rg4+ 45. Kxe5 Rg3 46. f6 Re3+ 47. Kf4 Rxc3 48. f7 Rd4+ 49. Ke5 Re3+ 50. Kf6 Rf3+ 51. Kg5 Rd5+ 52. Kg4 Rf6 53. g7 Rxf7 54. g8=Q Rfd7 55. Qc8+ Kb4 56. Re6 c3 57.
Re2 Rd4+ 58. Kg3 R7d5 59. Qf8+ Kb3 60. Qf3 b4 61. Rf2 Rd3 62. Re2 Rxf3+ 63. Kxf3 c2 64. Rdxd2 Rxd2 65. Rxd2 c1=Q 66. Re2 Qc3+ 67. Re3 Kc2 68.
Rxc3+ bxc3 69. Ke2 Kb2 70. Kd1 c2+ 71. Ke2 c1=Q 72. Kf3 Qc2 73. Kg3 Kb3 74. Kh3 Qc3+ 75. Kh4 Kc4 76. Kg5 Qd3 0-1

[Event "Early-Titled-Tuesday-Blitz-September-12-2023"]
[Site "Chess.com"]
[Date "2023.09.12"]
[Round "8"]
[White "GMBenjaminBok"]
[Black "FairChess_on_YouTube"]
[Result "1-0"]
[WhiteElo "3016"]
[BlackElo "3045"]
[TimeControl "180+1"]
[EndTime "9:30:04 PDT"]
[Termination "GMBenjaminBok won on time"]

1. d4 d5 2. c4 e6 3. Nc3 Be7 4. Nf3 Nf6 5. g3 O-O 6. Bg2 c6 7. O-O Nbd7 8. b3 b6 9. Nd2 b5 10. cxb5 cxb5 11. Nxb5 Qb6 12. Nc3 Qxd4 13. Bb2 Qb6 14.
e4 Ba6 15. Na4 Qa5 16. Bc3 Bb4 17. Bxb4 Qxb4 18. Re1 Ne5 19. exd5 Nd3 20. dxe6 Nxf2 21. Qf3 N2g4 22. exf7+ Kxf7 23. Qf4 Qxf4 24. gxf4 Rac8 25. Nf3 Nh5 26. Bh3 Ngf6 27. Ne5+ Kg8 28. Be6+ Kh8 29. Bxc8 Bxc8 30. Rf1 Nd5 31. Rac1 Nhxf4 32. Nc5 Ne2+ 33. Kh1 Ndf4 34. Rce1 Re8 35. Ned3 g5 36. Nxf4 gxf4 37. Rf2 f3 38. Rxf3 Ng3+ 39. hxg3 Rxe1+ 40. Kg2 Rc1 41. Rf8+ Kg7 42. Rxc8 Rc2+ 43. Kf3 Rxa2 44. Rc7+ Kg6 45. Ne4 Ra3 46. Kf4 Rxb3 47. Rxa7 Rb1 48. Ra6+ Kg7 49. g4 Rf1+ 50. Ke5 h6 51. Ng3 Re1+ 52. Kf4 Kh7 53. Nf5 Rf1+ 54. Kg3 Rh1 55. Kg2 Rc1 56. Rxh6+ Kg8 57. Ra6 Kf7 58. Kg3 Rf1 59.
Kh4 Rg1 60. Kg5 Ke8 61. Ra7 Kf8 62. Kh5 Rf1 63. Kg6 Ke8 64. g5 Rb1 65. Ng7+ Kd8 66. Kf6 Rf1+ 67. Nf5 Ra1 68. Rxa1 1-0

[Event "Early-Titled-Tuesday-Blitz-September-12-2023"]
[Site "Chess.com"]
[Date "2023.09.12"]
[Round "8"]
[White "Firouzja2003"]
[Black "bardiya_Daneshvar"]
[Result "1/2-1/2"]
[WhiteElo "3065"]
[BlackElo "2958"]
[TimeControl "180+1"]
[EndTime "9:30:06 PDT"]
[Termination "Game drawn - insufficient material"]

1. e4 c6 2. d4 d5 3. e5 Bf5 4. Nf3 e6 5. Be2 c5 6. O-O Nc6 7. c3 Bg4 8. Nbd2 cxd4 9. cxd4 a5 10. h3 Bh5 11. Re1 Nge7 12. Bb5 Qb6 13. a4 Nc8 14. g4 Bg6 15. Nb3 Na7 16. Bd3 Bxd3 17. Qxd3 Nb4 18. Qd1 Rc8 19. Re2 Qa6 20. Bd2 Be7 21. Bxb4 Bxb4 22.
Rc2 O-O 23. Rac1 b6 24. Rc7 Rxc7 25. Rxc7 Rc8 26. Qc2 Rxc7 27. Qxc7 h6 28. Kg2 Nc8 29. Qd7 Bf8 30. h4 Ne7 31. h5 Qa8 32. Nbd2 Nc6 33. g5 Ne7 34. g6 Qc6 35. gxf7+ Kxf7 36. Qd8 Qxa4 37. Qxb6 Nf5 38. Nf1 Qc2 39. Qb7+ Be7 40.
Qb5 a4 41. Ng3 Ne3+ 42. Kg1 Qd1+ 43. Kh2 Qxf3 44. fxe3 Qxe3 45. Qf1+ Kg8 46. Qa6 Bh4 47. Qxe6+ Kh8 48. Qe8+ Kh7 49. Qg6+ Kh8 50. Qxg7+ Kxg7 51. Nf5+ Kf7 52. Nxe3 Bf2 53. Nf5 Ke6 54. Ng7+ Kf7 55. Nf5 Ke6 56. Nxh6 Bxd4 57. Ng4 Bxb2 58. h6 Kf7 59. h7 Kg7 60. e6 Ba3 61. Ne3 d4 62. Nc2 Bd6+ 63. Kg2 d3 64. Ne3 Kxh7 65. Nc4 Be7 66.
Kf3 a3 67. Nxa3 Bxa3 68. Ke3 Kg7 69. Kxd3 Kf8 70. Ke4 Ke7 71. Kd5 Bb2 72. Ke4 Kxe6 1/2-1/2

[Event "Early-Titled-Tuesday-Blitz-September-12-2023"]
[Site "Chess.com"]
[Date "2023.09.12"]
[Round "8"]
[White "Arek_pacitan"]
[Black "MasterKroket"]
[Result "1-0"]
[WhiteElo "2613"]
[BlackElo "2425"]
[TimeControl "180+1"]
[EndTime "9:30:10 PDT"]
[Termination "Arek_pacitan won on time"]

1. e4 e5 2. Nf3 Nc6 3. Bb5 a6 4.
Ba4 Nf6 5. O-O Be7 6. d3 b5 7.
Bb3 O-O 8. a4 Rb8 9. axb5 axb5 10. Nc3 d6 11. h3 Nd7 12. Be3 Nc5 13. Bd5 Nb4 14. Bxc5 dxc5 15. Nxe5 Bf6 16. f4 Bxe5 17. fxe5 c6 18. Bb3 Qd4+ 19. Kh1 Qxe5 20. Ra7 Be6 21. Bxe6 fxe6 22. Ra1 Rxf1+ 23. Qxf1 Nxc2 24. Rc1 Nd4 25. Ne2 Rf8 26. Qd1 Rf2 27. Nxd4 Qxd4 28. Qh5 g6 29. Qg5 c4 30. dxc4 bxc4 31. Qe7 Qxe4 32. Qe8+ Kg7 33.
Qe7+ Kh6 34. Rg1 e5 35. Qc5 Qf4 36. Qxc6 Rxb2 37. Qc5 Rc2 38. Re1 Rc1 39. Rxc1 Qxc1+ 40. Kh2 Qf4+ 41. Kh1 Qd4 42. Qf8+ Kg5 43. Qe7+ Kf5 44. Qf7+ Kg5 45. Qe7+ Kf4 46. Qh4+ Ke3 47. Qe1+ Kd3 48. Qd1+ Kc3 49. Qe1+ Kb3 50. Qb1+ Ka4 51. Qa2+ Kb5 52. Qb1+ Kc5 53. Qb8 c3 54. Qc7+ Kb4 55. Qb7+ Kc4 56. Qa6+ Kb3 57. Qb7+ Ka2 58. Qa6+ Kb1 59. Qb5+ Kc2 60.
Qe2+ Qd2 61. Qe4+ Kd1 62. Qb1+ Ke2 63. Qe4+ Kf1 64. Qf3+ Ke1 65. Qe4+ Qe2 66. Qb1+ Kf2 67. Qg1+ Kg3 68. Qh2+ Kh4 69. g3+ 1-0

[Event "Early-Titled-Tuesday-Blitz-September-12-2023"]
[Site "Chess.com"]
[Date "2023.09.12"]
[Round "8"]
[White "AlexPapasimakopoulos"]
[Black "Anton_Demchenko"]
[Result "0-1"]
[WhiteElo "2770"]
[BlackElo "2945"]
[TimeControl "180+1"]
[EndTime "9:30:14 PDT"]
[Termination "Anton_Demchenko won by checkmate"]

1. d4 Nf6 2. c4 g6 3. Nc3 Bg7 4.
Bg5 h6 5. Bh4 d5 6. e3 g5 7. Bg3 c5 8. Nf3 O-O 9. cxd5 Nxd5 10.
Rc1 Nxc3 11. bxc3 Be6 12. Qd2 Nc6 13. h3 f5 14. Be2 Qd7 15. O-O Rad8 16. Rfd1 Qe8 17.
Qb2 b6 18. a4 Qf7 19. Bb5 Bd5 20. Bxc6 Bxc6 21. Ne5 Bxe5 22. Bxe5 g4 23. hxg4 fxg4 24. Qe2 h5 25. Re1 Be4 26. a5 Qg6 27. Bg3 Qg5 28. axb6 axb6 29. dxc5 bxc5 30. Rcd1 Qf5 31. Bh4 Rxd1 32.
Qxd1 Rf7 33. Qd8+ Kg7 34. Qc7 Qd5 35. Qg3 e6 36. Ra1 Rb7 37. c4 Qf5 38. Qd6 Rf7 39. Ra6 Bb7 40. Rb6 Qe4 41. Rxb7 Qxb7 42. Qxc5 Qb1+ 43.
Kh2 Qf5 44. Qd4+ e5 45. Qd5 Kg6 46. Bg3 Rd7 47. e4 Qf7 48. Qxe5 Re7 49. Qd6+ Qe6 50. e5 Kf7 51. c5 Rd7 52. Qb6 Rd4 53. c6 Rc4 54.
Qb7+ Kg6 55. c7 Rc3 56. Qb8 h4 57. Bxh4 Qxe5+ 58. Bg3 Qe6 59. c8=Q Rxc8 60. Qb1+ Kg7 61. Qd1 Kg8 62. Kg1 Re8 63. Kf1 Qc4+ 64. Kg1 Qe4 65.
Qc1 Qe1+ 66. Qxe1 Rxe1+ 67. Kh2 Re2 68. f3 gxf3 69. Bf4 Rxg2+ 70. Kh3 Kf7 71. Bg3 Ke6 72. Kg4 f2 73. Kh3 f1=Q 74. Bh2 Qf3+ 75. Kh4 Qg4# 0-1

[Event "Early-Titled-Tuesday-Blitz-September-12-2023"]
[Site "Chess.com"]
[Date "2023.09.12"]
[Round "8"]
[White "wqws"]
[Black "VSanduleac"]
[Result "0-1"]
[WhiteElo "2673"]
[BlackElo "2553"]
[TimeControl "180+1"]
[EndTime "9:30:14 PDT"]
[Termination "VSanduleac won by checkmate"]

1. e4 g6 2. d4 Bg7 3. Nc3 c6 4. Nf3 d6 5. Be3 Nf6 6. h3 b5 7.
Bd3 a6 8. O-O Bb7 9. Ne2 Nbd7 10. c3 O-O 11. Ng3 Qc7 12. Qd2 Rfe8 13. Bh6 Bh8 14. Rfe1 e5 15. Rad1 c5 16. d5 c4 17. Bf1 Nc5 18. Nh2 Bc8 19. f3 Bg7 20. Ng4 Qe7 21. Bg5 Bxg4 22. hxg4 Qf8 23. Be3 Nfd7 24. g5 f6 25. Nh1 fxg5 26. Bxg5 h6 27. Be3 Kf7 28. g3 Ke7 29. Qf2 Kd8 30. Rb1 Rc8 31. b3 cxb3 32. axb3 h5 33. c4 b4 34.
Kg2 Bh6 35. Qd2 Bxe3 36. Rxe3 a5 37. Qa2 Ra8 38. Nf2 Kc7 39. Nd3 Nxd3 40. Bxd3 Nc5 41. Bf1 Qe7 42. Be2 Qg5 43. Qd2 h4 44. g4 Qf4 45. Rh1 g5 46. Bd1 Rf8 47. Rf1 Kb6 48.
Qf2 Qg3+ 49. Qxg3 hxg3 50. Kxg3 Rh8 51. Ree1 Nd3 52. Re2 Nf4 53. Rh2 Rxh2 54. Kxh2 Rh8+ 55. Kg1 Kc5 56. Bc2 Kd4 57. Ra1 Ra8 58. Kf2 Kc3 59. Bd1 Kb2 60. Ra4 Nd3+ 61. Ke3 Nc5 62. Kd2 Nxa4 63.
bxa4 b3 64. Kd3 Rc8 65. f4 gxf4 66. g5 Ka3 67. g6 b2 68. Bc2 Ka2 69. c5 Rxc5 70.
g7 Rxc2 71. g8=Q b1=Q 72. Qg3 Qb3# 0-1

[Event "Early-Titled-Tuesday-Blitz-September-12-2023"]
[Site "Chess.com"]
[Date "2023.09.12"]
[Round "8"]
[White "TimofeevAr"]
[Black "DopplerCharlotteDeWitte"]
[Result "1/2-1/2"]
[WhiteElo "2837"]
[BlackElo "2696"]
[TimeControl "180+1"]
[EndTime "9:30:18 PDT"]
[Termination "Game drawn by stalemate"]

1. c4 e5 2. e3 Nf6 3. Nc3 d6 4. Nf3 g6 5. d4 Nc6 6. dxe5 Nxe5 7. Be2 Bg7 8. Nxe5 dxe5 9. Qxd8+ Kxd8 10. b3 Be6 11.
Bb2 c6 12. O-O-O+ Kc7 13. h3 h5 14. f4 Rhe8 15. Rhf1 exf4 16. exf4 Bf5 17. Bd3 Re3 18.
Bxf5 gxf5 19. Rde1 Rae8 20. Rxe3 Rxe3 21. Nd1 Rg3 22. Rf2 Ne4 23. Re2 f6 24. Kc2 Bh6 25. Bc1 Kd6 26. Be3 Ke6 27. b4 a6 28. a4 Bf8 29. b5 axb5 30. axb5 cxb5 31. cxb5 Kd5 32. Ba7 Ra3 33. Ne3+ Ke6 34. Bd4 Bb4 35. Nc4 Ra2+ 36. Bb2 Bc5 37. Kb3 Ra8 38. g4 hxg4 39. hxg4 Rg8 40. gxf5+ Kxf5 41. Rh2 Rg3+ 42. Kc2 Kxf4 43. Rh7 b6 44. Rb7 Rg2+ 45. Kd3 Nd6 46. Bc1+ Kf5 47.
Nxd6+ Bxd6 48. Rxb6 Be5 49. Rb7 Rg3+ 50. Ke2 Ke4 51.
Ra7 Rg2+ 52. Kd1 Kd3 53. Bd2 Rg1+ 54. Be1 Bd4 55. Ra3+ Kc4 56. Ke2 Kxb5 57. Rf3 Kc4 58. Bf2 Rg2 59. Kf1 Rxf2+ 60. Rxf2 Bxf2 61. Kxf2 Kd4 62. Kf3 Ke5 63. Ke3 Kf5 64. Kf3 Ke5 65. Ke3 f5 66.
Kf3 f4 67. Kf2 Kf5 68. Kf3 Ke5 69. Kf2 Ke4 70. Ke2 f3+ 71. Kf2 Kf4 72. Kf1 Ke3 73. Ke1 f2+ 74. Kf1 Kf3 1/2-1/2

[Event "Early-Titled-Tuesday-Blitz-September-12-2023"]
[Site "Chess.com"]
[Date "2023.09.12"]
[Round "8"]
[White "Diaschess88"]
[Black "seopie"]
[Result "1-0"]
[WhiteElo "2693"]
[BlackElo "2826"]
[TimeControl "180+1"]
[EndTime "9:30:25 PDT"]
[Termination "Diaschess88 won by resignation"]

1. e4 e5 2. Nf3 Nc6 3. Bb5 Nf6 4.
O-O Nxe4 5. Re1 Nd6 6. Nxe5 Be7 7. Bf1 O-O 8. d4 Nf5 9. c3 Nxe5 10. Rxe5 d6 11. Re1 d5 12. Bf4 Bd6 13. Bxd6 Nxd6 14. Bd3 c6 15. Nd2 Bf5 16. Bxf5 Nxf5 17. Nf3 Nd6 18. Ne5 Qc7 19. Qg4 Rfe8 20. h4 Re6 21.
Nd3 Rae8 22. Rxe6 Rxe6 23. Re1 Rxe1+ 24. Nxe1 Qe7 25. Nd3 g6 26. Kf1 Ne4 27. g3 Kg7 28. Kg2 h5 29. Qf4 Nd6 30. Ne5 f6 31. Nd3 Nf5 32. Nc5 b6 33. Na6 Qe2 34. Qc7+ Kh6 35. Qf4+ Kh7 36. Qc7+ Kg8 37. Qb8+ Kg7 38. Qc7+ Kh6 39.
Qf4+ Kh7 40. Nb8 Qxb2 41. Nd7 Qxc3 42. Nxf6+ Kg7 43. Nxh5+ gxh5 44. Qg5+ Kf8 45. Qxf5+ Ke7 46. Qg5+ Ke6 47. Qxh5 Qxd4 48. Qg6+ Qf6 49. Qxf6+ Kxf6 50. f4 d4 51. Kf3 c5 52. Ke4 b5 53. g4 b4 54. g5+ Kg7 55. h5 a5 56. f5 a4 57.
f6+ Kf7 58. Kf5 d3 59. g6+ Kf8 60. f7 Ke7 61. h6 d2 62. h7 d1=Q 63. h8=Q Qf3+ 64.
Kg5 Qg3+ 65. Kf5 Qf3+ 66. Kg5 Qg3+ 67. Kh6 Qh4+ 68. Kg7 Qf6+ 69. Kh7 Qh4+ 70. Kg8 Qf4 71. Qg7 1-0

[Event "Early-Titled-Tuesday-Blitz-September-12-2023"]
[Site "Chess.com"]
[Date "2023.09.12"]
[Round "8"]
[White "Chessmissile07"]
[Black "The_Machine04"]
[Result "0-1"]
[WhiteElo "2864"]
[BlackElo "2683"]
[TimeControl "180+1"]
[EndTime "9:30:30 PDT"]
[Termination "The_Machine04 won on time"]

1. d4 d6 2. Nf3 Nf6 3. c4 g6 4. g3 Bg7 5. Nc3 Bf5 6. Bg2 Ne4 7. Qb3 Nxc3 8. Qxc3 Be4 9. O-O O-O 10. Be3 c5 11.
Qd2 b6 12. d5 Nd7 13. Bh6 Nf6 14. Bxg7 Kxg7 15. a4 a6 16. b4 a5 17. b5 Qd7 18.
Qc3 Kg8 19. Nd2 Bxg2 20. Kxg2 Qf5 21. Rae1 Ne4 22. Nxe4 Qxe4+ 23. f3 Qe5 24. Qxe5 dxe5 25. e4 Rad8 26. f4 f6 27. Re2 Kg7 28. Ref2 Kg8 29.
Rh1 Rf7 30. h4 h5 31. f5 Kh7 32. fxg6+ Kxg6 33. Kh3 Kh6 34. Rg1 Rg7 35. g4 hxg4+ 36. Rxg4 Rxg4 37. Kxg4 Kg6 38. h5+ Kf7 39. Rg2 Rg8+ 40.
Kh3 Rh8 41. Kh4 Rh6 42. Rg3 Rh8 43. Rg6 Rh7 44. Rg2 Rh8 45. Rg1 Rh7 46. Rg3 Rh8 47. Kg4 Rg8+ 48. Kf3 Rh8 49. Rh3 Rg8 50. Rh1 Rh8 51. Kg4 Rg8+ 52. Kf3 Rh8 53. Rh2 Rg8 54. Rg2 Rh8 55. Kg4 Rg8+ 56. Kh3 Rh8 57. Rd2 Rxh5+ 58.
Kg4 Rh1 59. d6 exd6 60. Rxd6 Rf1 61. Rxb6 Rf4+ 62. Kg3 Rxe4 63. Ra6 Rxc4 64. Rxa5 Rb4 65.
Ra6 c4 66. Kf3 c3 67. Ke2 e4 68. b6 f5 69. a5 f4 70. Ra7+ Ke6 71. b7 Rb2+ 72.
Kd1 e3 73. Ra6+ Kd5 74. Rb6 Rd2+ 75. Ke1 c2 76. Rb5+ Kc4 77. Rb4+ Kd5 78. Rb5+ Kc6 79. Rb6+ Kd7 0-1

[Event "Early-Titled-Tuesday-Blitz-September-12-2023"]
[Site "Chess.com"]
[Date "2023.09.12"]
[Round "8"]
[White "emeli_chess"]
[Black "MateusViageiro"]
[Result "1-0"]
[WhiteElo "2355"]
[BlackElo "2134"]
[TimeControl "180+1"]
[EndTime "9:30:37 PDT"]
[Termination "emeli_chess won on time"]

1. d4 Nf6 2. c4 e6 3. Nc3 Bb4 4. Qc2 c5 5. dxc5 Nc6 6. a3 Bxc5 7. Nf3 a5 8. b3 O-O 9. e3 d5 10. cxd5 Nxd5 11. Nxd5 Qxd5 12. Bc4 Qh5 13. O-O Bd6 14.
Bb2 b5 15. Qe4 Bb7 16. Bd3 Ne5 17. Qxh7+ Qxh7 18. Bxh7+ Kxh7 19. Nxe5 Rac8 20. Rac1 f6 21. Nf3 Bd5 22. Nd4 Be5 23. b4 Bc4 24. Rfd1 axb4 25.
axb4 Ra8 26. Ra1 Rxa1 27. Rxa1 Rc8 28. f4 Bd6 29. Bc3 Bd3 30. Ra3 Bc4 31. Kf2 Kg6 32.
h4 e5 33. f5+ Kh5 34. Nf3 Bd5 35. Bd2 Rc2 36. Rd3 Bxf3 37. Kxf3 Bf8 38. Rd8 Kxh4 39.
Be1+ Kg5 40. Rxf8 Kxf5 41. Rb8 e4+ 42. Kg3 Rc1 43. Bf2 Kg6 44. Rxb5 Rc4 45. Rb8 f5 46. b5 Rc5 47. b6 Rb5 48. Be1 Kh5 49.
Bc3 g5 50. Bd4 Rb3 51. Rh8+ Kg6 52. Rc8 f4+ 53. Kf2 Kf5 54. Rc5+ Kg4 55. Re5 fxe3+ 56. Bxe3 Rb2+ 57. Kf1 Rb1+ 58. Ke2 Rb2+ 59. Bd2 Kg3 60.
Rxg5+ Kh2 61. Rg6 Kg1 62. Ke3 Kf1 63. Bc3 Rb3 64. Kd4 e3 65. Re6 Kxg2 66. Rxe3 Rxb6 67. Ke4 Re6+ 68. Be5 Kf2 69. Rf3+ Ke2 70. Rh3 Kf2 71.
Rh2+ Kg1 72. Ra2 Re8 73. Rb2 Re7 74. Kf4 Rf7+ 75. Ke3 Kf1 76. Bf4 Re7+ 77. Kf3 Re1 78. Be3 1-0

[Event "Early-Titled-Tuesday-Blitz-September-12-2023"]
[Site "Chess.com"]
[Date "2023.09.12"]
[Round "8"]
[White "AndreiITrifan"]
[Black "hongnhung1234"]
[Result "1-0"]
[WhiteElo "2632"]
[BlackElo "2508"]
[TimeControl "180+1"]
[EndTime "9:30:39 PDT"]
[Termination "AndreiITrifan won by checkmate"]

1. Nf3 f5 2. d4 Nf6 3. c4 g6 4. Nc3 Bg7 5. g3 O-O 6. Bg2 d6 7. d5 Qe8 8. O-O a5 9. Nd4 Na6 10. h3 Bd7 11. Be3 Nc5 12. Rc1 c6 13. Qc2 Rc8 14.
Rfd1 cxd5 15. Nxd5 Nxd5 16. Bxd5+ Kh8 17. Nb3 b6 18. Bg2 Ba4 19. Bd4 e5 20. Bc3 Qe7 21.
Bd5 f4 22. g4 Qh4 23. Kg2 Rcd8 24. Rd2 f3+ 25. exf3 Bh6 26. Re1 Bxd2 27. Qxd2 Bxb3 28.
axb3 Qf6 29. Qc2 Ne6 30. Bxe6 Qxe6 31. Qe4 Qf6 32. Rd1 Kg8 33. Qd5+ Qf7 34. Qe4 Qf4 35.
Qd5+ Kg7 36. Rd3 Qf7 37. Qc6 Qf6 38. Qxb6 h5 39. c5 dxc5 40. Qc7+ Kg8 41. Bxe5 Qf7 42. Qxf7+ Kxf7 43. Rc3 Rc8 44. Bd6 Rfd8 45. Bxc5 Rd5 46. b4 axb4 47. Bxb4 Rxc3 48. Bxc3 Rb5 49. h4 Ke6 50.
Kg3 Rb3 51. Kf4 Rb5 52. Bh8 Rd5 53. Bc3 Kd6 54. Kg3 Ke6 55. f4 Rb5 56. f3 Rd5 57. Kf2 Rb5 58. Ke3 Rd5 59. Kf2 Kf7 60.
Kg3 Rd1 61. f5 gxf5 62. gxh5 Rd5 63. Kf4 Rb5 64. Kg5 Kg8 65. Kg6 Rb6+ 66. Bf6 Ra6 67. h6 Ra7 68. h5 f4 69. b4 Rg7+ 70. Kf5 Rh7 71. Bg7 Kf7 72. b5 Kg8 73. b6 Kf7 74. b7 Rxh6 75. Bxh6 Kg8 76. b8=Q+ Kh7 77. Qc7+ Kh8 78.
Qg7# 1-0

[Event "Early-Titled-Tuesday-Blitz-September-12-2023"]
[Site "Chess.com"]
[Date "2023.09.12"]
[Round "8"]
[White "zano2023"]
[Black "Sadykov_Ramil"]
[Result "1/2-1/2"]
[WhiteElo "2104"]
[BlackElo "2533"]
[TimeControl "180+1"]
[EndTime "9:30:45 PDT"]
[Termination "Game drawn by repetition"]

1. d4 g6 2. Nf3 Bg7 3. Nbd2 b6 4. e4 Bb7 5. Bd3 d6 6. O-O e6 7. Re1 Ne7 8. Nf1 Nd7 9. Ng3 h6 10. Be3 a6 11. Qd2 Qb8 12. h3 Qa7 13. c3 Rc8 14.
Rad1 Qa8 15. Nh2 c5 16. f4 d5 17. e5 h5 18. Nf3 h4 19. Nh1 a5 20. Nf2 Ba6 21.
Bb1 a4 22. Ng4 Nf5 23. Bf2 a3 24. b3 Qc6 25. Rc1 c4 26. b4 Bb5 27. Kh2 Kd8 28. Ng5 Ke7 29. Ne3 Rh5 30. Bc2 Ba4 31. Bd1 Bxd1 32.
Qxd1 Ra8 33. Qg4 Rah8 34. Qd1 Qa8 35. Rb1 b5 36. Qc1 Nb6 37. Nc2 Qa4 38. Ne3 Ke8 39.
Ng4 Qa7 40. Ne3 Bf8 41. Nc2 Be7 42. Nf3 Kd7 43. Re2 Kc6 44. Ne3 Qa8 45. Nc2 Qa4 46.
Ne3 Qa8 47. Nc2 g5 48. fxg5 Qg8 49. Qxa3 Na4 50. Ne3 Ng3 51. Ree1 Bxg5 52. Ng4 Ne4 53. Be3 Bxe3 54. Rxe3 Qh7 55. Rf1 Rg8 56. Qc1 Rf5 57.
Ng1 Rgg5 58. Rff3 Qg6 59. Ne2 Rxg4 60. hxg4 Qxg4 61. Rxf5 exf5 62. Rf3 Kd7 63. Qh6 Qg6 64. Qf8 Ng5 65. Rf4 h3 66. g3 Qh5 67. Ng1 Qd1 68.
Rf2 Qe1 69. Nxh3 Nxh3 70. Kxh3 Qxf2 71. Qxf7+ Kc6 72. Qe6+ Kb7 73. Qd7+ Ka6 74. Qc8+ Kb6 75. Qd8+ Kc6 76. Qe8+ Kc7 77. Qe7+ Kb8 78. Qd8+ Ka7 79. Qc7+ Ka6 80. Qc8+ Kb6 81. Qd8+ Kc6 82. Qe8+ Kc7 83. Qe7+ Kc8 84. Qe8+ Kc7 1/2-1/2

[Event "Early-Titled-Tuesday-Blitz-September-12-2023"]
[Site "Chess.com"]
[Date "2023.09.12"]
[Round "8"]
[White "APOKALIPSA13"]
[Black "DeArron_Fox"]
[Result "0-1"]
[WhiteElo "2273"]
[BlackElo "2500"]
[TimeControl "180+1"]
[EndTime "9:30:46 PDT"]
[Termination "DeArron_Fox won on time"]

1. e4 c5 2. Nf3 e6 3. d4 cxd4 4.
Nxd4 a6 5. Nc3 b5 6. Rg1 Bb7 7. a3 Nc6 8. Nb3 Nf6 9. g4 h5 10. g5 Ng4 11. h4 Qb6 12. Rg2 Rc8 13. Bd3 Na5 14. Nxa5 Qxa5 15. f3 Ne5 16. Bd2 Qb6 17.
Qe2 b4 18. Na4 Qd4 19. axb4 Bxb4 20. Bxb4 Qxb4+ 21. c3 Qd6 22. O-O-O Ng6 23. Bxa6 Qxa6 24. Qxa6 Bxa6 25. Rgd2 Bb5 26. Nb6 Rc7 27. Rd4 Ke7 28. Rb4 Bc6 29. Rh1 Rb7 30. c4 Rhb8 31. c5 d6 32. cxd6+ Kxd6 33. Nc4+ Kc5 34. Rxb7 Rxb7 35. Nd2 Nf4 36. Kc2 Ba4+ 37. Kc3 Ne2+ 38. Kd3 Nf4+ 39. Kc3 e5 40. b4+ Rxb4 41. Ra1 Bc6 42. Ra5+ Rb5 43.
Nb3+ Kb6 44. Ra3 Bb7 45. Ra4 Kc7 46. Rc4+ Kb8 47. Nc5 Ka7 48. Nd7 Ra5 49. Rc7 Ra3+ 50. Kb4 Rxf3 51. Nc5 Ka8 52. Rxb7 Nd3+ 53. Kb5 Nxc5 54.
Re7 Nxe4 55. Rxe5 Rb3+ 56. Kc4 Nd2+ 57. Kc5 Ra3 58. Re8+ Kb7 59. Re7+ Ka6 60. Rxf7 Ra5+ 61. Kc6 Nf3 62. Rxg7 Nxh4 63. Rh7 Rxg5 64. Kd6 Nf5+ 65.
Ke6 Nd4+ 66. Kf6 Rb5 67. Kg6 Ne6 68. Rh6 Nf4+ 69. Kg7+ Ka5 70. Kf6 Kb4 71. Rh7 Kc4 72.
Kg7 Kd4 73. Kf6 Ke4 74. Kg7 Kf3 75. Kh6 Kg4 76. Rg7+ Kh4 77. Rg1 Rb6+ 78. Kg7 Kh3 79.
Kf7 h4 80. Rg7 Ng2 81. Rg5 Rb3 82. Kf6 Rg3 83. Rh5 Kg4 84. Rh7 h3 85. Ke5 Nh4 86. Kd4 h2 87. Rg7+ Kh3 88. Rh7 h1=Q 89. Rxh4+ Kxh4 0-1

[Event "Early-Titled-Tuesday-Blitz-September-12-2023"]
[Site "Chess.com"]
[Date "2023.09.12"]
[Round "8"]
[White "vi_pranav"]
[Black "MITerryble"]
[Result "0-1"]
[WhiteElo "2980"]
[BlackElo "2956"]
[TimeControl "180+1"]
[EndTime "9:30:47 PDT"]
[Termination "MITerryble won by resignation"]

1. e4 e6 2. d4 d5 3. Nc3 Nf6 4. Bg5 Bb4 5. e5 h6 6. Bd2 Bxc3 7. Bxc3 Ne4 8. Bd3 Nxc3 9. bxc3 c5 10. Qg4 O-O 11.
dxc5 Nd7 12. Nf3 Qc7 13. O-O Nxe5 14. Nxe5 Qxe5 15. Qb4 Qc7 16. c6 Rd8 17. cxb7 Bxb7 18. Rab1 Bc6 19. f4 Bd7 20. Qd4 a5 21. c4 dxc4 22. Qxc4 Qa7+ 23. Kh1 Rac8 24. Qe4 g6 25. Qe1 Qc5 26. Qh4 Kg7 27. h3 Bc6 28. Rbe1 Rd5 29. Qg3 Rcd8 30. Kh2 a4 31. Re4 a3 32. Rc4 Qb6 33.
Rc3 Ra5 34. f5 exf5 35. Rb3 Qc5 36. Qc7 Rd7 37. Qg3 Qd6 38. Bxf5 Qxg3+ 39. Rxg3 Rd2 40. Bd3 Bd5 41. Ra1 Ra7 42. c4 Bc6 43. Bf1 Rb2 44.
Kg1 h5 45. c5 h4 46. Rc3 Ra5 47.
Kh1 f5 48. Kg1 Kf6 49. Rd1 Kg5 50. Rd6 Be4 51. c6 Ra8 52. c7 Rc8 53. Ba6 Rxg2+ 54.
Kf1 Rxc7 55. Rxc7 Rxa2 56. Rg7 Kf4 57. Rgxg6 Ke3 58. Rd1 Rh2 59. Re1+ Kf4 60. Re2 Rh1+ 61. Kf2 Rh2+ 62. Ke1 a2 63. Rxa2 Rxa2 64. Bc4 Rh2 65. Rh6 Rxh3 66. Kf2 Rh2+ 67. Ke1 Rh1+ 68. Kf2 Rh2+ 69.
Kg1 Rg2+ 70. Kf1 Kg3 71. Be6 Rf2+ 72. Kg1 Rb2 73. Rg6+ Kf4 74. Rh6 Kg5 75. Rh8 f4 76. Rg8+ Kf6 77. Bc8 Rb1+ 78. Kf2 Rb2+ 79. Kg1 f3 80.
Bh3 Ke5 81. Rg4 Kd4 82. Rxh4 Ke3 83. Rh8 f2+ 84. Kh2 f1=Q+ 0-1

[Event "Early-Titled-Tuesday-Blitz-September-12-2023"]
[Site "Chess.com"]
[Date "2023.09.12"]
[Round "8"]
[White "OparinGrigoriy"]
[Black "PeshkaCh"]
[Result "1-0"]
[WhiteElo "3016"]
[BlackElo "2776"]
[TimeControl "180+1"]
[EndTime "9:30:55 PDT"]
[Termination "OparinGrigoriy won by checkmate"]

1. d4 Nf6 2. Nf3 e6 3. c4 d5 4.
g3 Be7 5. Bg2 O-O 6. Nc3 h6 7.
O-O c5 8. cxd5 exd5 9. dxc5 Bxc5 10. Na4 Be7 11. Be3 Nc6 12. Rc1 Bg4 13. Bc5 Re8 14. Re1 Qa5 15. a3 Ne4 16. Bxe7 Rxe7 17. b4 Qb5 18.
Nc5 Rae8 19. Qxd5 Nf6 20. Qc4 Qxc4 21. Rxc4 Rxe2 22. Rxe2 Rxe2 23. h3 Bxf3 24. Bxf3 Re1+ 25. Kg2 Ne5 26. Rc3 b6 27. Nd3 Nxd3 28. Rxd3 Ra1 29. Bd1 g6 30. Bb3 Kg7 31. Bc4 Rc1 32. Bb5 Rc2 33. Re3 a5 34. bxa5 bxa5 35. Re5 Ra2 36.
a4 Rd2 37. Bc6 Rd6 38. Bf3 Ra6 39. Rb5 Ne8 40. Be2 Ra7 41. Rb6 Nc7 42. Bc4 Kf8 43.
h4 h5 44. f3 Ne8 45. g4 Rc7 46. Bb5 Ke7 47. gxh5 gxh5 48. Ra6 Nd6 49. Rxa5 Nf5 50. Bd3 Nxh4+ 51. Kf2 Ng6 52. Ra8 Ne5 53. Be2 Nc6 54. a5 Ra7 55. Rxa7+ Nxa7 56. Kg3 Kf6 57. Kh4 Kg6 58. Bd3+ Kh6 59. a6 Nc6 60. Be4 Na7 61.
Bd5 f6 62. Bf7 Nc6 63. Bxh5 Na7 64. Be8 Nc8 65. Bd7 Na7 66. Kg4 Kg7 67. Kf5 Kf7 68.
Ba4 Ke7 69. Bb3 Nc6 70. Bd5 Na7 71. Be4 Nb5 72. Kf4 Ke6 73. Ke3 Kd6 74. Bb7 Kc5 75. Kf4 Kb6 76. Kf5 Nd4+ 77. Ke4 Ne6 78. Bc8 Ng5+ 79.
Kf4 Ka7 80. Kg4 Kb6 81. f4 Nf7 82. Bb7 Nd6 83. Kh5 Nb5 84. Kg6 Nd4 85. Kxf6 Ne2 86. f5 Ng3 87. Ke6 Nh5 88. f6 Nf4+ 89. Ke7 Ng6+ 90. Ke8 Ka7 91. f7 Kb6 92. f8=Q Nxf8 93. Kxf8 Ka7 94. Ke7 Kb6 95. Kd6 Ka7 96. Kc5 Kb8 97.
Kb5 Ka7 98. Bf3 Kb8 99. Kb6 Kc8 100. a7 Kd7 101. a8=Q Ke7 102. Qe4+ Kf7 103. Qc6 Kg7 104. Qe6 Kh7 105. Qg4 Kh6 106. Bd5 Kh7 107. Bf7 Kh6 108.
Qg6# 1-0